 Dungeon Crawl Stone Soup version 0.30-a0-269-gf0224bf7b6 (webtiles) character file.

Game seed: 5347910760585091543

149 Low2 the Poker (level 5, -7/54 HPs)
             Began as an Ogre Gladiator on Oct 14, 2022.
             Was a Follower of Okawaru.
             Killed from afar by an electric eel (9 damage)
             ... with a bolt of electricity
             ... on level 3 of the Dungeon.
             The game lasted 00:21:09 (1742 turns).

Low2 the Poker (Ogre Gladiator)                     Turns: 1742, Time: 00:21:10

Health: -7/54      AC:  9    Str: 18 (19) XL:     5   Next: 31%
Magic:  5/5        EV:  9    Int: 13      God:    Okawaru [*.....]
Gold:   86         SH:  0    Dex:  7 (9)  Spells: 4/4 levels left

rFire   . . .      SeeInvis .    a - +0 trident
rCold   . . .      Faith    .    (no shield)
rNeg    . . .      Spirit   .    t - +0 troll leather armour {Pargi}
rPois   .          Reflect  .    c - +0 hat
rElec   .          Harm     .    (no cloak)
rCorr   .          Rampage  .    (gloves unavailable)
Will    .....      Rage     3%   (boots unavailable)
Stlth   +.........               (no amulet)
HPRegen 1.09/turn                v - ring of flight
MPRegen 0.09/turn                w - +4 ring of protection

@: weak-willed, flying
A: large, unfitting armour, tough skin 1, berserk 1, clever 1, deterioration 1,
evolution 1
a: Renounce Religion, Heroism


You were on level 3 of the Dungeon.
You worshipped Okawaru.
Okawaru was aware of your devotion.
You visited 1 branch of the dungeon, and saw 3 of its levels.

You collected 86 gold pieces.

Inventory:

Hand Weapons
 a - a +0 trident (weapon)
 g - a +0 short sword
 k - a +0 mace
 m - a +0 dagger
 o - a +0 club
Missiles
 d - 3 throwing nets (quivered)
 e - a large rock
 n - 4 silver boomerangs
 r - 17 stones
Armour
 b - a +0 robe
 c - a +0 hat (worn)
 t - a +0 troll leather armour (worn) {Pargi}
 y - a +0 leather armour
Jewellery
 h - a +4 ring of slaying
 v - a ring of flight (left hand)
 w - a +4 ring of protection (right hand)
Wands
 z - a wand of flame (23)
Scrolls
 i - 2 scrolls of teleportation
 p - a scroll of fear
 u - a scroll of identify {unknown}
 x - a scroll of brand weapon {unknown}
Potions
 f - a potion of lignification {tree potion}
 l - a potion of mutation
 s - a potion of curing


   Skills:
 + Level 3.7 Fighting
 + Level 4.6 Polearms
 + Level 2.3 Throwing
 + Level 3.5 Dodging
 + Level 0.2 Stealth


You had 4 spell levels left.
You didn't know any spells.
Your spell library was empty.

Dungeon Overview and Level Annotations

Branches:
Dungeon (3/15)

Altars:
Okawaru

Shops:
D:2 [

Annotations:
D:3 1 transporter


Innate Abilities, Weirdness & Mutations

You are too large for most types of armour.
You have tough skin. (AC +1)
You sometimes lose your temper in combat.
Your mind is acute. (Int +4, Str/Dex -1)
Your body sometimes deteriorates upon taking damage.
You have hidden genetic potential.


Message History

You cannot move.
You cannot move.
Your transformation is almost over.
You feel less wooden.
Your +0 hat unmelds from your body.
Your +0 troll leather armour {Pargi} unmelds from your body.
As you read the scroll labelled RUNOCK ZIAXT, it crumbles to dust.
You assume a fearsome visage.
Nothing appears to happen.
It was a scroll of fear.
The electric eel shoots out a bolt of lightning at you!
The bolt of electricity hits you! x2
Your body deteriorates!
You feel clumsy.
There is an open door here.
The electric eel shoots out a bolt of lightning at you!
The bolt of electricity hits you!
The bolt of electricity hits the electric eel.
The electric eel completely resists.
The bolt of electricity hits the electric eel.
The electric eel completely resists.
As you read the scroll labelled KAROMIJEE ENGA, it crumbles to dust.
Magic quickly surges around you.
It was a scroll of vulnerability.
The electric eel shoots out a bolt of lightning at you!
The bolt of electricity hits you.
The bolt of electricity hits the electric eel.
The electric eel completely resists.
The bolt of electricity hits the electric eel.
The electric eel completely resists.
The electric eel shoots out a bolt of lightning at you!
The bolt of electricity hits you!
* * * LOW HITPOINT WARNING * * *
The bolt of electricity hits the electric eel.
The electric eel completely resists.
The bolt of electricity hits the electric eel.
The electric eel completely resists.
The electric eel shoots out a bolt of lightning at you!
The bolt of electricity hits you!
* * * LOW HITPOINT WARNING * * *
Your body deteriorates!
You feel weakened. The bolt of electricity hits you!
You die...

#.###+###..#§.....#
#.#~~P~~#..##§§...#
#.#~~~~~#..##§#####
#.#~~~P~#.......######
#.#~~♣~~#...>...'.....
#.#~~~~~#.......######
#.#~...~#.......#
#.#S...S#.#.#####
#.###@###.#.#
#.#~...~#.#.#
#.#8.©.8#.#.#
#.#######.#.#
#....©....#.#
####...###..#
##......## ########


You could see 2 electric eels.

Vanquished Creatures
  Pargi (D:3)
  2 adders (D:2)
  2 worms (D:3)
  2 dart slugs (D:1)
  2 ball pythons
  5 endoplasms
  A giant cockroach (D:2)
  A goblin (D:2)
  3 hobgoblins
  3 quokkas
  2 bats
  A frilled lizard (D:2)
  4 kobolds
  3 rats
32 creatures vanquished.

Vanquished Creatures (others)
  2 plants (D:3)
2 creatures vanquished.

Grand Total: 34 creatures vanquished

Notes
Turn   | Place    | Note
-------+----------+-------------------------------------------
     0 | D:1      | Low2 the Ogre Gladiator began the quest for the Orb.
     0 | D:1      | Reached XP level 1. HP: 22/22 MP: 1/1
   124 | D:1      | Reached XP level 2. HP: 24/29 MP: 2/2
   400 | D:2      | Found Ogoimeag's Antique Armour Boutique.
   423 | D:2      | Reached XP level 3. HP: 27/36 MP: 3/3
   505 | D:2      | Gained mutation: You have hidden genetic potential. [potion
                  | of mutation]
   505 | D:2      | Gained mutation: Your body sometimes deteriorates upon
                  | taking damage. [potion of mutation]
   505 | D:2      | Gained mutation: You sometimes lose your temper in combat.
                  | [potion of mutation]
  1171 | D:2      | Reached skill level 4 in Polearms
  1326 | D:3      | Noticed Pargi
  1343 | D:3      | Killed Pargi
  1344 | D:3      | Reached XP level 4. HP: 17/48 MP: 4/4
  1344 | D:3      | Reached XP level 5. HP: 19/54 MP: 5/5
  1360 | D:3      | Gained mutation: Your mind is acute. (Int +4, Str/Dex -1)
                  | [hidden potential]
  1484 | D:3      | Found a transporter.
  1565 | D:3      | Found a faded altar of an unknown god.
  1585 | D:3      | Prayed at the altar of an unknown god.
  1585 | D:3      | Became a worshipper of Warmaster Okawaru
  1585 | D:3      | Reached * piety under Okawaru
  1601 | D:3      | Found a transporter.
  1742 | D:3      | HP: 2/54 [electric eel/bolt of electricity (9)]
  1742 | D:3      | Killed from afar by an electric eel

Illustrated notes

Levels and vault maps discovered:
D:1:      saegor_arrival_simple_e, layout_loops_ring
D:2:      layout_loops_ring, serial_shops, nicolae_shop_stone
D:3:      gammafunk_steamed_eel, layout_basic, ebering_ecumenical_altar_mist,
          minmay_stone_trees_small, uniq_pargi

Skill      XL: |  1  2  3 |
---------------+----------+-----
Dodging        | 3 |  3.5
Fighting       | 3 |  3.7
Polearms       | 4 |  4.6
Throwing       | |  2.3
Stealth        | |  0.2

Action                   |  1- 3 |  4- 6 || total
-------------------------+-------+-------++-------
Melee: Trident           |    71 |     7 ||    78
Throw: Boomerang         |     6 |     3 ||     9
  Use: Scroll            |     2 |     3 ||     5
       Potion            |     2 |     3 ||     5
Armor: Robe              |    18 |       ||    18
       Troll leather arm |       |     4 ||     4
Dodge: Dodged            |    56 |     4 ||    60

Table legend: (Time is in decaauts)
 A = Elapsed time spent in this place.
 B = Non-inter-level travel time spent in this place.
 C = Inter-level travel time spent in this place.
 D = Time resting spent in this place.
 E = Time spent auto-exploring this place.
 F = Levels seen in this place.
 G = Mean time per level.
                   A        B        C        D        E       F      G
               +--------+--------+--------+--------+--------+-----+--------+
         Total |   1751 |   1751 |      0 |    137 |     11 |   3 |  583.7 |
       Dungeon |   1751 |   1751 |      0 |    137 |     11 |   3 |  583.7 |
               +--------+--------+--------+--------+--------+-----+--------+

Top non-repeatable levels by time:
     D:3: 713 daAuts
     D:2: 520 daAuts
     D:1: 517 daAuts
